 Dungeon Crawl Stone Soup version 0.17-a0-1984-g55f5988 (webtiles) character file.

18085 Morphine the Eclecticist (level 12, 0/53 HPs)
             Began as a Deep Elf Conjurer on Oct 6, 2015.
             Was a High Priest of Sif Muna.
             Slain by a blue devil (15 damage)
             ... in an ice cave.
             The game lasted 02:07:59 (12424 turns).

Morphine the Eclecticist (Deep Elf Conjurer)       Turns: 12424, Time: 02:07:59

Health: 0/53       AC:  8    Str:  7    XL:     12   Next: 24%
Magic:  1/34       EV: 15    Int: 32    God:    Sif Muna [*****.]
Gold:   578        SH:  4    Dex: 19    Spells: 10 memorised, 9 levels left

rFire  + . .     SeeInvis +     i - +9 dagger of Grandeur {pierce, rElec rC+ Int+4 Dex+4}
rCold  + + +     Clarity  .     f - +2 robe {Archmagi}
rNeg   . . .     SustAt   .     w - +0 buckler {rC+}
rPois  .         Gourm    .     p - +0 hat {MR+}
rElec  +         Spirit   .     s - +0 cloak
rCorr  .         Warding  .     t - +2 pair of gloves {rC+}
rMut   .         Stasis   .     G - +0 pair of boots
MR     ++...                    (no amulet)
Stlth  +++.......               (no ring)
                                h - ring of see invisible

@: very resistant to hostile enchantments, fairly stealthy
A: claws 1, clever 1, deformed body, fire resistance 1, frail 1, spit poison 1,
strong 1, MP-powered wands
a: Spit Poison, Channel Energy, Forget Spell, Renounce Religion


You were in an ice cave.
You worshipped Sif Muna.
Sif Muna was extremely pleased with you.
You were hungry.

You visited 3 branches of the dungeon, and saw 13 of its levels.
You also visited: Ice Cave.

You collected 578 gold pieces.

Inventory:

Hand Weapons
 i - the +9 dagger of Grandeur (weapon) {pierce, rElec rC+ Int+4 Dex+4}
   (You found it on level 6 of the Dungeon)

   It inflicts extra damage upon your enemies.
   It affects your intelligence (+4).
   It affects your dexterity (+4).
   It protects you from cold.
   It insulates you from electricity.
Missiles
 d - 273 stones (quivered)
Armour
 f - a +2 robe of the Archmagi (worn)
 p - a +0 hat of magic resistance (worn)
 s - a +0 cloak (worn)
 t - a +2 pair of gloves of cold resistance (worn)
 w - a +0 buckler of cold resistance (worn)
 G - a +0 pair of boots (worn)
 Z - a +1 pair of gloves
Magical Staves
 P - an uncursed staff of energy
Jewellery
 b - the ring of Ifybuske {*Drain Int+6 Stlth+, unknown}
   (You found it on level 3 of the Lair of Beasts)

   [ring of stealth]

   It affects your intelligence (+6).
   It causes draining when unequipped.
   It makes you more stealthy.
 c - an uncursed ring of positive energy {unknown}
 h - a ring of see invisible (left hand)
Wands
 l - a wand of teleportation (2)
 m - a wand of cold (12)
 I - a wand of fireball (7)
Scrolls
 a - a scroll of summoning {unknown}
 o - a scroll of teleportation
 u - 3 scrolls of remove curse
 v - a scroll of fear
 x - 2 scrolls of magic mapping
 C - a scroll of fog
Potions
 g - 2 potions of invisibility
 j - 2 potions of magic
 k - 2 potions of haste
 n - a potion of heal wounds
 r - 3 potions of curing
Comestibles
 q - 3 fruits
 V - 2 beef jerkies
 X - 7 slices of pizza


   Skills:
 - Level 6.0 Short Blades
 - Level 2.0 Staves
 - Level 5.0 Dodging
 - Level 5.0 Stealth
 * Level 1.0 Shields
 - Level 16.0 Spellcasting
 - Level 10.0 Conjurations
 + Level 7.8 Ice Magic
 + Level 4.6 Earth Magic
 - Level 7.0 Invocations


You had 9 spell levels left.
You knew the following spells:

 Your Spells              Type           Power        Failure   Level  Hunger
a - Throw Icicle          Conj/Ice       #######.     1%          4    None
b - Searing Ray           Conj           ######       1%          2    None
c - Iskenderun's Mystic   Conj           #######.     1%          4    None
d - Fulminant Prism       Conj/Hex       ######....   2%          4    None
e - Apportation           Tloc           #####.....   2%          1    None
f - Mephitic Cloud        Conj/Pois/Air  ######..     1%          3    None
g - Freezing Cloud        Conj/Ice/Air   #######...   38%         6    ##.....
h - Ensorcelled Hibernat  Hex/Ice        ######       1%          2    None
i - Tukima's Dance        Hex            #####...     10%         3    None
j - Lee's Rapid Deconstr  Erth           ######....   12%         5    None


Dungeon Overview and Level Annotations

Branches:
Dungeon (9/15)             Temple (1/1) D:4            Lair (3/8) D:9
  Swamp: Lair:3-6    Shoals: Lair:3-6     Snake: Lair:3-6    Spider: Lair:3-6
    Orc: D:9-12

Altars:
Ashenzari
Cheibriados
Dithmenos
Elyvilon
Fedhas
Gozag
Kikubaaqudgha
Nemelex Xobeh
Okawaru
Qazlal
Ru
Sif Muna
Trog
Vehumet
Xom
Yredelemnul
Zin
The Shining One

Annotations:
D:4 exclusion: 2 doors


Innate Abilities, Weirdness & Mutations

You have sharp fingernails.
Your mind is acute. (Int +2)
Armour fits poorly on your strangely shaped body.
Your flesh is heat resistant.
You are frail (-10% HP).
You can spit weak poison.
Your muscles are strong. (Str +2)
You expend magic power (3 MP) to strengthen your wands.


Message History

You block the ufetubus's attack. The ufetubus hits you.
* * * LOW HITPOINT WARNING * * *
You barely miss the ufetubus.
The blue devil swoops through the air toward you!
The blue devil hits you.
* * * LOW HITPOINT WARNING * * *
The ufetubus closely misses you. The ufetubus misses you.
Your fulminant prism explodes!
The blast of energy engulfs the ufetubus.
You kill the ufetubus!
Casting: Fulminant Prism
Confirm with . or Enter, or press ? or * to list all spells.
Aiming: Iskenderun's Mystic Blast
Press: ? - help, Shift-Dir - straight line, f - blue devil
Aim: a blue devil You feel a surge of power!
The orb of energy hits the blue devil.
The blue devil is heavily wounded.
* * * LOW MAGIC WARNING * * *
The blue devil hits you!
You die...

#...# ##.#.##..#
#...# ##....#.§#
#...###....##§.#
###....##....#§.##
#......##...##..#
#.....#..##..#..##
......###..####..#
...... #...###.##
...4. ##.@#..##
..... ##4...# ....
##..## ...# ####


You could see a blue devil.

Vanquished Creatures
  Gastronok (Lair:2)
  Erolcha (D:9)
  An unseen horror (D:8)
  2 ice statues (IceCv)
  Pikel (D:6)
  A black mamba (Lair:2)
  Joseph (D:9)
  4 spiny frogs
  Psyche (D:8)
  A komodo dragon (Lair:2)
  A fire drake (Lair:2)
  3 blue devils (IceCv)
  Grinder (D:4)
  Sigmund (D:6)
  A deep elf fighter (D:9)
  19 yaks
  A human (D:8)
  Grum (D:9)
  Menkaure (D:6)
  Edmund (D:5)
  A water moccasin (Lair:1)
  4 wolves (D:9)
  2 sky beasts
  3 slaves (D:6)
  A porcupine (Lair:1)
  An eye of draining (D:9)
  6 ogres
  3 orc warriors
  A necrophage (D:5)
  2 black bears
  7 centaurs
  5 crocodiles
  Blork the orc (D:4)
  10 giant frogs
  A big kobold (D:8)
  A gnoll sergeant (D:8)
  A water moccasin zombie (D:8)
  A wyvern skeleton (D:8)
  4 scorpions
  13 wights
  6 crimson imps
  A centaur zombie (D:6)
  7 hounds
  A jelly (D:8)
  A quasit (D:8)
  A giant frog skeleton (D:8)
  3 giant frog zombies
  Crazy Yiuf (D:6)
  A gnoll shaman (D:6)
  4 orc priests
  9 orc wizards
  Jessica (D:2)
  A centaur skeleton (D:4)
  Terence (D:2)
  6 iguanas
  3 worker ants
  A killer bee zombie (D:6)
  3 sheep (D:8)
  A hound zombie (D:5)
  3 hound skeletons
  3 worker ant zombies
  34 gnolls
  13 river rats
  10 adders
  4 shadow imps
  17 white imps
  11 ufetubi (IceCv)
  An ooze (D:5)
  An adder zombie (D:7)
  2 adder skeletons
  2 worms (D:2)
  34 orcs
  14 bats
  4 giant cockroaches
  10 goblins
  11 hobgoblins
  10 jackals
  3 quokkas
  7 giant geckos
  A giant gecko skeleton (D:9)
  A giant gecko zombie (D:6)
  8 giant newts
  A jackal zombie (D:8)
  9 kobolds
  A quokka skeleton (D:5)
  20 rats
  2 fulminant prisms
  A plant (Lair:1)
402 creatures vanquished.

Vanquished Creatures (others)
  An ufetubus (IceCv)
  94 fulminant prisms
  6 fungi (D:9)
  5 plants
106 creatures vanquished.

Grand Total: 508 creatures vanquished

Notes
Turn   | Place    | Note
--------------------------------------------------------------
     0 | D:1      | Morphine the Deep Elf Conjurer began the quest for the Orb.
     0 | D:1      | Reached XP level 1. HP: 10/10 MP: 6/6
   271 | D:1      | Reached XP level 2. HP: 6/15 MP: 1/8
   275 | D:1      | Learned a level 2 spell: Searing Ray
   823 | D:1      | Reached skill level 5 in Conjurations
   823 | D:1      | Reached XP level 3. HP: 19/19 MP: 2/9
  1272 | D:2      | Found an ancient bone altar of Kikubaaqudgha.
  1381 | D:2      | Noticed Jessica
  1389 | D:2      | Killed Jessica
  1389 | D:2      | Reached XP level 4. HP: 24/24 MP: 5/12
  1449 | D:2      | Noticed Terence
  1458 | D:2      | Killed Terence
  1458 | D:2      | Reached skill level 5 in Spellcasting
  1532 | D:2      | Gained mutation: You expend magic power (3 MP) to strengthen your wands. [potion of mutation]
  1532 | D:2      | Gained mutation: You can spit weak poison. [potion of mutation]
  1532 | D:2      | Gained mutation: Your mind is acute. (Int +2) [potion of mutation]
  1548 | D:2      | Reached XP level 5. HP: 14/28 MP: 3/15
  1797 | D:2      | Reached skill level 6 in Spellcasting
  2099 | D:3      | Found a faded altar to an unknown god.
  2209 | D:3      | Learned a level 4 spell: Iskenderun's Mystic Blast
  2248 | D:3      | Reached skill level 7 in Spellcasting
  2300 | D:3      | Reached XP level 6. HP: 14/32 MP: 6/18
  2374 | D:3      | Gained mutation: Armour fits poorly on your strangely shaped body. [potion of mutation]
  2374 | D:3      | Gained mutation: Your flesh is heat resistant. [potion of mutation]
  2828 | D:4      | Gained mutation: You are frail (-10% HP). [potion of mutation]
  2828 | D:4      | Gained mutation: You have sharp fingernails. [potion of mutation]
  2860 | D:4      | Noticed Grinder
  2904 | D:4      | Found a staircase to the Ecumenical Temple.
  2957 | Temple   | Entered the Ecumenical Temple
  2970 | Temple   | Became a worshipper of Sif Muna the Loreminder
  3012 | D:4      | Paralysed by Grinder for 4 turns
  3024 | D:4      | Killed Grinder
  3024 | D:4      | Reached skill level 8 in Spellcasting
  3024 | D:4      | Reached XP level 7. HP: 32/32 MP: 1/21
  3108 | D:4      | Reached skill level 9 in Spellcasting
  3124 | D:4      | Acquired Sif Muna's first power
  3287 | D:4      | Found a sparkling altar of Nemelex Xobeh.
  3352 | D:4      | Reached skill level 1 in Invocations
  3429 | D:4      | Noticed Blork the orc
  3441 | D:4      | Killed Blork the orc
  3475 | D:4      | Learned a level 1 spell: Apportation
  3480 | D:4      | Learned a level 4 spell: Fulminant Prism
  3678 | D:5      | Entered Level 5 of the Dungeon
  3708 | D:5      | Reached skill level 10 in Spellcasting
  3714 | D:5      | Reached XP level 8. HP: 33/36 MP: 14/24
  3993 | D:5      | Noticed Edmund
  4007 | D:5      | Killed Edmund
  4035 | D:5      | Reached skill level 11 in Spellcasting
  4130 | D:5      | Acquired Sif Muna's second power
  4562 | D:6      | Noticed Sigmund
  4567 | D:6      | Killed Sigmund
  4567 | D:6      | Reached skill level 12 in Spellcasting
  4678 | D:6      | Noticed Crazy Yiuf
  4684 | D:6      | Killed Crazy Yiuf
  4777 | D:6      | Noticed Menkaure
  4792 | D:6      | Killed Menkaure
  4792 | D:6      | Reached skill level 1 in Staves
  4792 | D:6      | Reached XP level 9. HP: 23/40 MP: 18/27
  4975 | D:6      | Reached skill level 5 in Invocations
  5139 | D:6      | Got a fine dagger
  5159 | D:6      | Identified the +9 dagger of Grandeur {pierce, rElec rC+ Int+4 Dex+4} (You found it on level 6 of the Dungeon)
  5400 | D:6      | Reached skill level 5 in Dodging
  5502 | D:6      | Reached skill level 1 in Short Blades
  5579 | D:6      | Noticed Pikel
  5620 | D:6      | Killed Pikel
  5946 | D:7      | Reached XP level 10. HP: 43/45 MP: 2/28
  6114 | D:7      | Learned a level 3 spell: Mephitic Cloud
  6121 | D:7      | Learned a level 6 spell: Freezing Cloud
  6230 | D:7      | Got an ancient hand crossbow
  6240 | D:7      | Identified the +10 hand crossbow of Ru's Approval {speed, +Fly} (You found it on level 7 of the Dungeon)
  6350 | D:7      | Reached skill level 1 in Ice Magic
  6798 | D:8      | Noticed Psyche
  6806 | D:8      | Killed Psyche
  7015 | D:8      | Noticed an unseen horror
  7018 | D:8      | Killed an unseen horror
  7178 | D:8      | Reached skill level 5 in Ice Magic
  7269 | D:8      | Reached skill level 13 in Spellcasting
  7539 | D:8      | Acquired Sif Muna's third power
  7859 | D:8      | Reached skill level 14 in Spellcasting
  8086 | D:8      | Found a stormy altar of Qazlal.
  8091 | D:8      | Found a sparkling altar of Nemelex Xobeh.
  8105 | D:8      | Found a bloodstained altar of Trog.
  8479 | D:9      | Noticed Joseph
  8518 | D:8      | HP: 1/45 [wight/enchanted falchion (3)]
  8592 | D:8      | Reached skill level 15 in Spellcasting
  8867 | D:9      | Noticed Grum
  8994 | D:9      | Killed Grum
  8994 | D:9      | Reached XP level 11. HP: 38/48 MP: 21/32
  9060 | D:9      | Noticed Erolcha
  9068 | D:9      | Killed Erolcha
  9079 | D:9      | Killed Joseph
  9317 | D:9      | Reached skill level 16 in Spellcasting
  9443 | D:9      | Found a shadowy altar of Dithmenos.
  9502 | D:9      | Found a basalt altar of Yredelemnul.
  9567 | D:9      | Found a staircase to the Lair.
  9591 | D:9      | Gained mutation: Your muscles are strong. (Str +2) [potion of beneficial mutation]
  9750 | D:9      | Learned a level 2 spell: Ensorcelled Hibernation
  9754 | D:9      | Learned a level 3 spell: Tukima's Dance
  9962 | Lair:1   | Entered Level 1 of the Lair of Beasts
 10127 | Lair:1   | Got a polished short sword
 10129 | Lair:1   | Identified the +2 short sword "Jellybane" {pierce, *Noise rElec MR+ SInv} (You found it on level 1 of the Lair of Beasts)
 10580 | Lair:1   | Reached skill level 5 in Stealth
 10631 | Lair:1   | Identified a scroll of acquirement
 10967 | Lair:2   | Learned a level 5 spell: Lee's Rapid Deconstruction
 10971 | Lair:2   | Learned a level 3 spell: Stone Arrow
 11040 | Lair:2   | Received a gift from Sif Muna
 11040 | Lair:2   | Reached skill level 1 in Earth Magic
 11041 | Lair:2   | Identified Hyha's Catalogue of Glacial Conjuration (Sif Muna gifted it to you on level 2 of the Lair of Beasts)
 11047 | Lair:2   | Learned a level 4 spell: Throw Icicle
 11255 | Lair:2   | Reached skill level 10 in Conjurations
 11303 | Lair:2   | Reached skill level 5 in Short Blades
 11329 | Lair:2   | Noticed Gastronok
 11344 | Lair:2   | Killed Gastronok
 11344 | Lair:2   | Reached XP level 12. HP: 36/53 MP: 9/34
 11914 | Lair:3   | Found a frozen archway.
 11941 | Lair:3   | Got a scorched bronze ring
 12050 | IceCv    | Entered an ice cave
 12389 | IceCv    | Reached skill level 1 in Shields
 12424 | IceCv    | Slain by a blue devil

Vault maps used:
D:1:      dpeg_arrival_water_fire
D:2:      kiku_gazebo_pond_becter, uniq_jessica, uniq_terence
D:3:      ecumenical_altar_2
D:4:      minmay_temple_entry_statues, hangedman_abyss_or_decor_lesser_grid,
          nemelex_spade_bored_becter, uniq_grinder, uniq_blork_the_orc
D:5:      first_bread, uniq_edmund
D:6:      uniq_crazy_yiuf_cottage, uniq_menkaure, uniq_pikel, uniq_sigmund
D:8:      minmay_overflow_temple_star_quad, grunt_livestock, uniq_psyche
D:9:      lemuel_coloured_pillars_altar, lemuel_crystal_altar,
          grunt_lair_entry_elf_guard_hut, minivault_27, uniq_erolcha,
          uniq_joseph, uniq_grum
Temple:   circular_temple_13
Lair:1:   serial_bayou_shore_b
Lair:2:   uniq_gastronok
Lair:3:   lemuel_slime, elwin_shoals_entry_rooms, portal_ice_cave_entry_imps,
          st_stairs_7, serial_bayou_ford_a
IceCv:    ice_cave_small_demon

Action                   |  1- 3 |  4- 6 |  7- 9 | 10-12 || total
-------------------------+-------+-------+-------+-------++-------
Melee: Dagger            |     7 |    18 |    32 |    76 ||   133
       Unarmed           |     2 |       |       |       ||     2
       Quarterstaff      |       |       |     7 |       ||     7
       Staff             |       |       |       |     4 ||     4
 Cast: Magic Dart        |    51 |    50 |    16 |    30 ||   147
       Searing Ray       |     9 |    13 |    55 |    56 ||   133
       Iskenderun's Myst |       |     8 |    12 |    30 ||    50
       Fulminant Prism   |       |       |    10 |    86 ||    96
       Throw Icicle      |       |       |       |    15 ||    15
       Stone Arrow       |       |       |       |     5 ||     5
       Mephitic Cloud    |       |       |       |     1 ||     1
       Lee's Rapid Decon |       |       |       |     3 ||     3
Invok: Channel Energy    |       |       |     1 |    11 ||    12
       Forget Spell      |       |       |       |     1 ||     1
 Abil: Spit Poison       |       |    21 |    44 |    32 ||    97
Evoke: Wand              |       |       |     1 |       ||     1
  Use: Scroll            |     1 |     4 |     6 |    18 ||    29
       Potion            |       |     6 |     2 |     4 ||    12
 Stab: Sleeping          |     1 |     1 |     1 |     6 ||     9
  Eat: Chunk             |     1 |     7 |    10 |    20 ||    38
       Beef jerky        |       |       |     1 |     1 ||     2
       Fruit             |       |       |       |     2 ||     2
